 Dungeon Crawl Stone Soup version 0.30-a0-137-gd8773701ce (webtiles) character file.

Game seed: 12819410936872142034

1646 NinjaNoafa the Ducker (level 8, -7/62 HPs)
             Began as a Merfolk Gladiator on Sept 22, 2022.
             Was an Initiate of Cheibriados.
             Killed from afar by a steam dragon (21 damage)
             ... with a ball of steam
             ... on level 6 of the Dungeon.
             The game lasted 00:15:14 (5721 turns).

NinjaNoafa the Ducker (Merfolk Gladiator)           Turns: 5721, Time: 00:15:15

Health: -7/62      AC:  7    Str: 16    XL:     8   Next: 99%
Magic:  11/11      EV: 15    Int: 17    God:    Cheibriados [......]
Gold:   100        SH:  5    Dex: 22    Spells: 11/12 levels left

rFire   . . .      SeeInvis .    y - +2 dagger (drain)
rCold   + + .      Faith    .    (no shield)
rNeg    . . .      Spirit   .    b - +0 leather armour
rPois   .          Reflect  +    c - +0 helmet
rElec   +          Harm     .    (no cloak)
rCorr   .          Rampage  .    D - +1 pair of gloves of the Thinker {*Corrode Will++ Regen+ Str+3}
Will    ++...                    o - +0 pair of boots
Stlth   ++........               v - amulet of reflection
HPRegen 1.00/turn                g - +6 ring of intelligence
MPRegen 0.12/turn                z - ring of protection from cold

@: slow
A: (nimble swimmer 2), mertail, agile 1, clever 1, cold resistance 1,
electricity resistance
a: Renounce Religion


You were on level 6 of the Dungeon.
You worshipped Cheibriados.
Cheibriados was noncommittal.
You visited 2 branches of the dungeon, and saw 7 of its levels.

You collected 324 gold pieces.
You spent 224 gold pieces at shops.

Inventory:

Hand Weapons
 y - a +2 dagger of draining (weapon)
Missiles
 d - a silver boomerang
 m - 55 stones
 s - 4 poisoned darts (quivered)
 B - 2 curare-tipped darts
Armour
 b - a +0 leather armour (worn)
 c - a +0 helmet (worn)
 o - a +0 pair of boots (worn)
 D - the +1 pair of gloves of the Thinker (worn) {*Corrode Will++ Regen+ Str+3}
   (You found it on level 5 of the Dungeon)

   Str:       It affects your strength (+3).
   Regen:     It increases your rate of health regeneration.
   *Corrode:  It may corrode you when you take damage.
   Will:      It greatly increases your willpower.
Jewellery
 g - a +6 ring of intelligence (left hand)
 i - a ring of flight
 r - an amulet of magic regeneration
 v - an amulet of reflection (around neck)
 z - a ring of protection from cold (right hand)
Wands
 a - a wand of flame (14)
 C - a wand of polymorph (10)
Scrolls
 h - a scroll of fear {unknown}
 j - 2 scrolls of fog
 k - 2 scrolls of blinking {unknown}
 l - 2 scrolls of teleportation
 n - a scroll of enchant weapon {unknown}
 p - 3 scrolls of amnesia
 q - a scroll of noise {unknown}
 t - a scroll of poison {unknown}
 u - 7 scrolls of identify {unknown}
 F - a scroll of immolation {unknown}
Potions
 e - a potion of degeneration
 f - a potion of cancellation {unknown}
 w - a potion of might
 x - a potion of mutation


   Skills:
 - Level 5.0 Fighting
 - Level 5.0 Short Blades
 - Level 4.0 Polearms
 - Level 5.0 Throwing
 - Level 5.0 Dodging
 + Level 2.6 Spellcasting
 + Level 2.3 Translocations
 - Level 3.0 Transmutations
 - Level 3.0 Poison Magic
 - Level 5.0 Invocations


You had 11 spell levels left.
You knew the following spells:

 Your Spells              Type           Power      Damage    Failure   Level
a - Sting                 Tmut/Pois      48%        1d5       7%          1

Your spell library contained the following spells:

 Spells                   Type           Power      Damage    Failure   Level
 Apportation              Tloc           20%        N/A       9%          1
 Poisonous Vapours        Pois/Air       14%        N/A       19%         2
 Foxfire                  Conj/Fire      8%         2x1d4     22%         1
 Ignite Poison            Fire/Tmut/Pois 9%         N/A       30%         3
 Static Discharge         Conj/Air       4%         2-3/arc   34%         2
 Mephitic Cloud           Conj/Pois/Air  5%         N/A       41%         3
 Kindle Blastsparks       Fire/Tloc/Air  8%         2d10      43%         3
 Olgreb's Toxic Radiance  Pois           12%        N/A       54%         4
 Inner Flame              Hex/Fire       2%         N/A       56%         3
 Alistair's Intoxication  Tmut/Pois      8%         N/A       88%         5
 Flame Wave               Conj/Fire      2%         2d4       92%         4
 Arcjolt                  Conj/Air       1%         1d11      99%         5
 Freezing Cloud           Conj/Ice/Air   1%         6-21      99%         5
 Lightning Bolt           Conj/Air       1%         1d12      99%         5
 Maxwell's Capacitive Co  Air            1%         ∞         100%        8


Dungeon Overview and Level Annotations

Branches:
Dungeon (6/15)             Temple (1/1) D:4

Altars:
Ashenzari
Cheibriados
Elyvilon
Fedhas
Gozag
Hepliaklqana
Kikubaaqudgha
Makhleb
Nemelex Xobeh
Qazlal
Sif Muna
Trog
Uskayaw
Vehumet
Wu Jian
Xom
Yredelemnul
Zin
The Shining One

Shops:
D:3 :


Innate Abilities, Weirdness & Mutations

((You are very nimble when in or above water. (Stealth+, EV+, Speed+++)))
Your lower body shifts to a powerful aquatic tail in water.
You are agile. (Dex +4, Str/Int -1)
Your mind is acute. (Int +4, Str/Dex -1)
Your flesh is cold resistant. (rC+)
You are resistant to electric shocks. (rElec)


Message History

The ball of steam misses the kobold.
The ball of steam hits you!
Things that are here:
a +0 short sword; a scroll of fog You hit the kobold.
You kill the kobold!
Cheibriados appreciates the change of pace.
You are engulfed in a cloud of scalding steam.
The kobold is engulfed in a cloud of scalding steam.
The kobold dies!
The kobold hits you with a +0 dagger.
You are engulfed in a cloud of scalding steam.
The kobold is engulfed in a cloud of scalding steam.
The kobold dies!
Aiming: Throw Flame
Press: ? - help, Shift-Dir - straight line, f - kobold
Aim: a kobold, wielding a +0 short sword (60% to hit)
The puff of flame hits the kobold.
You kill the kobold!
Cheibriados thoroughly appreciates the change of pace.
The steam dragon breathes steam at you. The ball of steam misses you.
You are engulfed in a cloud of scalding steam.
The steam dragon breathes steam at you. The ball of steam hits you!!
You hit the steam dragon.
The steam dragon is moderately wounded.
You are engulfed in a cloud of scalding steam.
* * * LOW HITPOINT WARNING * * *
You hit the steam dragon but do no damage.
You drain the steam dragon.
The steam dragon is moderately wounded.
You are engulfed in a cloud of scalding steam.
* * * LOW HITPOINT WARNING * * *
The steam dragon completely misses you. You block the steam dragon's attack.
You barely miss the steam dragon.
The steam dragon is moderately wounded.
You are engulfed in a cloud of scalding steam.
The steam dragon breathes steam at you. The ball of steam hits you!!
You die...

#...#.........†.........
#.###.............##.#..
#.# #.............##.##.
##.###..>.....##.#..#....
#..##....)....##.#.....##
#.##..........##.......#
#.............#####..###
##....##############.#
#....§§@DK)...... >..
#...#####K....... #####
#.##.##.. §.# .# ... ..
#... .. #.... . #..#.


You could see a steam dragon (catching breath, drained), a kobold brigand and a
kobold.

Vanquished Creatures
  Grinder (D:6)
  Edmund (D:4)
  Duvessa (D:4)
  A sky beast (D:6)
  An ice beast (D:5)
  2 black bears (D:6)
  An ogre (D:4)
  A centaur (D:6)
  3 scorpions (D:6)
  Dowan (D:4)
  A howler monkey (D:5)
  A hound (D:5)
  3 jellies
  3 orc priests
  2 iguanas
  An orc wizard (D:5)
  5 adders
  A white imp (D:5)
  An ufetubus (D:5)
  4 worms
  2 dart slugs
  7 orcs
  5 endoplasms
  3 goblins
  3 hobgoblins
  2 jackals (D:3)
  7 kobolds
  3 quokkas
  10 ball pythons
  8 bats
  5 frilled lizards
  9 rats
99 creatures vanquished.

Vanquished Creatures (collateral kills)
  A hound (D:6)
1 creature vanquished.

Vanquished Creatures (others)
  2 kobolds (D:6)
2 creatures vanquished.

Grand Total: 102 creatures vanquished

Notes
Turn   | Place    | Note
-------+----------+-------------------------------------------
     0 | D:1      | NinjaNoafa the Merfolk Gladiator began the quest for the
                  | Orb.
     0 | D:1      | Reached XP level 1. HP: 16/16 MP: 1/1
   282 | D:1      | Reached XP level 2. HP: 17/23 MP: 2/2
   525 | D:1      | Reached skill level 1 in Short Blades
  1014 | D:2      | Reached XP level 3. HP: 28/28 MP: 3/3
  1026 | D:2      | Found a snail-covered altar of Cheibriados.
  1569 | D:2      | You fall into a shaft and drop 1 floor!
  1592 | D:2      | Reached XP level 4. HP: 34/34 MP: 4/4
  1670 | D:2      | Became a worshipper of Cheibriados the Contemplative
  2104 | D:3      | Found Bishulig's Book Shop.
  2405 | D:3      | Reached skill level 1 in Invocations
  2407 | D:3      | Reached XP level 5. HP: 41/41 MP: 5/5
  2419 | D:3      | Reached skill level 5 in Dodging
  2634 | D:3      | Found a faded altar of an unknown god.
  2973 | D:4      | Noticed Edmund
  2989 | D:4      | HP: 2/57 [Edmund/puff of flame (12)]
  2994 | D:4      | Killed Edmund
  2995 | D:4      | Reached XP level 6. HP: 3/48 MP: 5/7
  3487 | D:4      | Noticed Duvessa
  3487 | D:4      | Noticed Dowan
  3777 | D:5      | Entered Level 5 of the Dungeon
  4007 | D:5      | Noticed an ice beast
  4190 | D:5      | Identified the +1 pair of gloves of the Thinker {*Corrode
                  | Will++ Regen+ Str+3}
  4453 | D:3      | Bought a book of Party Tricks for 224 gold pieces
  4522 | D:4      | Reached XP level 7. HP: 55/55 MP: 7/9
  4545 | D:4      | Found a glowing silver altar of Zin.
  4587 | D:4      | Found a staircase to the Ecumenical Temple.
  4597 | Temple   | Entered the Ecumenical Temple
  4751 | D:4      | Killed Dowan
  4948 | D:4      | Gained mutation: You are agile. (Dex +4, Str/Int -1)
                  | [potion of mutation]
  4948 | D:4      | Gained mutation: You are resistant to electric shocks.
                  | (rElec) [potion of mutation]
  4948 | D:4      | Gained mutation: Your mind is acute. (Int +4, Str/Dex -1)
                  | [potion of mutation]
  4948 | D:4      | Gained mutation: Your flesh is cold resistant. (rC+)
                  | [potion of mutation]
  4948 | D:4      | HP: 1/55 [Duvessa/+2 short sword of speed (3)]
  4965 | D:4      | Killed Duvessa
  4965 | D:4      | Reached * piety under Cheibriados
  5195 | D:6      | Reached skill level 5 in Fighting
  5195 | D:6      | Reached XP level 8. HP: 62/62 MP: 10/10
  5199 | D:6      | Noticed Grinder
  5204 | D:6      | Reached skill level 5 in Short Blades
  5204 | D:6      | Reached skill level 5 in Throwing
  5228 | D:6      | Was placed under penance by Cheibriados
  5232 | D:6      | Was forgiven by Cheibriados
  5233 | D:6      | Was placed under penance by Cheibriados
  5260 | D:6      | Killed Grinder
  5261 | D:6      | Reached skill level 5 in Invocations
  5335 | D:6      | Reached skill level 1 in Translocations
  5335 | D:6      | Reached skill level 1 in Transmutations
  5335 | D:6      | Reached skill level 1 in Poison Magic
  5392 | D:6      | Was forgiven by Cheibriados
  5582 | D:5      | Learned a level 1 spell: Sting
  5721 | D:6      | Killed from afar by a steam dragon

Illustrated notes

Levels and vault maps discovered:
D:1:      beargit_arrival_greenhouse, layout_basic, grunt_decor_junction,
          minmay_cut_off
D:2:      minmay_evil_eye, layout_basic, basic_altar
D:3:      layout_basic, serial_shops, nicolae_diamond_shop,
          ebering_ecumenical_altar_hall, minivault_25, minivault_24
D:4:      layout_basic, mainiacjoe_overflow_concentric_impassable,
          minmay_temple_entry_sparse_star, uniq_duvessa, uniq_edmund
D:5:      layout_rooms, kennysheep_generic_room_3
D:6:      layout_rooms, okawaru_gym_becter, uniq_grinder
Temple:   nicolae_temple_two_arcs

Skill      XL: |  1  2  3  4  5  6  7  8 |
---------------+-------------------------+-----
Short Blades   | 1 2 3 4 5 |  5.0
Fighting       | 3 4 5 |  5.0
Throwing       | 3 4 5 |  5.0
Invocations    | 1 2 3 5 |  5.0
Dodging        | 5 |  5.0
Spellcasting   | 2 |  2.6
Translocations | 2 |  2.3
Transmutations | 3 |  3.0
Poison Magic   | 3 |  3.0
Polearms       | |  4.0

Action                   |  1- 3 |  4- 6 |  7- 9 || total
-------------------------+-------+-------+-------++-------
Melee: Short sword       |   115 |    52 |       ||   167
       Punch             |     1 |     1 |     3 ||     5
       Dagger            |       |    47 |   154 ||   201
Throw: Javelin           |    16 |     5 |     4 ||    25
       Dart              |       |    26 |    27 ||    53
       Throwing net      |       |     3 |     1 ||     4
       Stone             |       |     4 |     2 ||     6
Evoke: Wand              |       |     3 |     2 ||     5
  Use: Potion            |       |     6 |     7 ||    13
       Scroll            |       |     4 |     3 ||     7
 Stab: Sleeping          |     1 |       |       ||     1
Armor: Leather armour    |    46 |    23 |    59 ||   128
       Skin              |       |    13 |       ||    13
Dodge: Dodged            |   117 |    50 |   168 ||   335
Block: Other             |       |       |     1 ||     1

Table legend: (Time is in decaauts)
 A = Elapsed time spent in this place.
 B = Non-inter-level travel time spent in this place.
 C = Inter-level travel time spent in this place.
 D = Time resting spent in this place.
 E = Time spent auto-exploring this place.
 F = Levels seen in this place.
 G = Mean time per level.
                   A        B        C        D        E       F      G
               +--------+--------+--------+--------+--------+-----+--------+
         Total |   6391 |   5865 |    526 |    170 |   4447 |   7 |  913.0 |
       Dungeon |   6276 |   5763 |    513 |    170 |   4356 |   6 | 1046.0 |
        Temple |    115 |    103 |     12 |      0 |     91 |   1 |  115.0 |
               +--------+--------+--------+--------+--------+-----+--------+

Top non-repeatable levels by time:
     D:4: 1587 daAuts
     D:3: 1202 daAuts
     D:2: 1098 daAuts
     D:1: 1016 daAuts
     D:5: 765 daAuts
     D:6: 607 daAuts
  Temple: 115 daAuts
